 Dungeon Crawl Stone Soup version 0.29.1-1-gd02db6906a (webtiles) character file.

Game seed: 13403982919267382967

116 SINSOJ the Cudgeller (level 4, -2/41 HPs)
             Began as a Minotaur Berserker on Oct 19, 2022.
             Was a Believer of Trog.
             Slain by Sigmund
             ... wielding a +0 scythe
              (8 damage)
             ... on level 3 of the Dungeon.
             The game lasted 00:04:53 (2412 turns).

SINSOJ the Cudgeller (Minotaur Berserker)           Turns: 2412, Time: 00:04:53

Health: -2/41      AC:  2    Str: 23    XL:     4   Next: 69%
Magic:  3/3        EV: 12    Int:  4    God:    Trog [**....]
Gold:   126        SH:  0    Dex: 10    Spells: 3/3 levels left

rFire   . . .      SeeInvis .   a - +0 mace
rCold   . . .      Faith    .   (no shield)
rNeg    . . .      Spirit   .   b - +0 animal skin
rPois   .          Reflect  .   (helmet restricted)
rElec   .          Harm     .   (no cloak)
rCorr   .          Rampage  .   (no gloves)
Will    .....                   (no boots)
Stlth   +.........              j - amulet of regeneration
HPRegen 0.93/turn               (no ring)
MPRegen 0.08/turn               (no ring)

@: hasted, very quick
A: horns 2, retaliatory headbutt
a: Renounce Religion, Berserk, Trog's Hand


You were on level 3 of the Dungeon.
You worshipped Trog.
Trog was pleased with you.
You visited 1 branch of the dungeon, and saw 3 of its levels.

You collected 126 gold pieces.

Inventory:

Hand Weapons
 a - a +0 mace (weapon)
Armour
 b - a +0 animal skin (worn)
Jewellery
 j - an amulet of regeneration (around neck)
Scrolls
 d - a scroll of identify {unknown}
 e - a scroll of magic mapping {unknown}
 g - a scroll of vulnerability {unknown}
 l - 2 scrolls of teleportation {unknown}
 m - a scroll of amnesia {unknown}
Potions
 c - a potion of lignification {unknown}
 f - 5 potions of curing {unknown}
 h - a potion of attraction {unknown}
 k - a potion of degeneration {unknown}
 n - a potion of mutation {unknown}


   Skills:
 + Level 4.8 Fighting
 + Level 4.9 Maces & Flails
 + Level 2.5 Armour
 + Level 3.0 Dodging
 + Level 1.0 Stealth


You had 3 spell levels left.
You didn't know any spells.
Your spell library was empty.

Dungeon Overview and Level Annotations

Branches:
Dungeon (3/15)

Altars:

Annotations:
D:3 Sigmund


Innate Abilities, Weirdness & Mutations

You have a pair of horns on your head.
You reflexively headbutt those who attack you in melee.


Message History

Sigmund is nearby!
Sigmund gestures wildly while chanting.
Sigmund flickers and vanishes!
Deactivating autopickup; reactivate with Ctrl-A.
Something hits you.
You closely miss something. Your headbutt misses something. Something hits you.
You hit something. Your headbutt misses something. Something hits you.
You miss something. You closely miss something. Your headbutt misses something.
Something hits you.
You hit something.
You hear some strange, mumbled words.
Something tries to affect you, but you resist.
You sock something! Your headbutt misses something.
You hear some strange, mumbled words.
You are confused.
You hear some strange, mumbled words.
You are more confused.
Something hits you. x2
Something hits you!
* * * LOW HITPOINT WARNING * * *
Unknown command.
You are too confused!
You are too confused!
It was a potion of haste.
You feel yourself speed up. Something barely misses you. Something hits you.
* * * LOW HITPOINT WARNING * * *
Something hits you but does no damage.
You are too confused!
Okay, then.
You're too confused to move!
You miss something. Your headbutt misses something.
You feel less confused.
You hear some strange, mumbled words.
A puff of flame appears from out of thin air!
The puff of flame hits you!
* * * LOW HITPOINT WARNING * * *
Unknown command.
You miss something. Something hits you!
You die...

..#... .........#..#
............
............ .......
#.# #.....###.#### #.
#....#....##
#.##..........##
#...@{.........#
..###.............#
#.................#
......##.............##
##.#......##....##....#
.......## ##...####.##
#....## #...####.#
....# #.....##
##...##...# ....
#......###..#.##.###


There were no monsters in sight!

Vanquished Creatures
  A hound (D:3)
  Natasha (D:3)
  An adder (D:2)
  A worm (D:2)
  6 bats
  4 endoplasms
  2 giant cockroaches (D:1)
  7 goblins
  5 hobgoblins
  3 jackals (D:2)
  5 kobolds
  3 quokkas
  3 ball pythons (D:1)
  A frilled lizard (D:2)
  6 rats
49 creatures vanquished.

Notes
Turn   | Place    | Note
-------+----------+-------------------------------------------
     0 | D:1      | SINSOJ the Minotaur Berserker began the quest for the Orb.
     0 | D:1      | Reached XP level 1. HP: 19/19 MP: 0/0
   312 | D:1      | Reached XP level 2. HP: 27/27 MP: 1/1
  1147 | D:2      | Reached XP level 3. HP: 25/33 MP: 2/2
  2241 | D:3      | Reached XP level 4. HP: 31/41 MP: 3/3
  2243 | D:3      | Reached ** piety under Trog
  2296 | D:3      | Noticed Natasha
  2304 | D:3      | Killed Natasha
  2305 | D:3      | Reached skill level 1 in Stealth
  2386 | D:3      | Noticed Sigmund
  2412 | D:3      | Slain by Sigmund

Illustrated notes

Levels and vault maps discovered:
D:1:      shiori_arrival_elements, layout_basic
D:2:      layout_basic
D:3:      layout_rooms, kennysheep_generic_room_9, uniq_sigmund, uniq_grinder,
          uniq_natasha

Skill      XL: |  1  2  3  4 |
---------------+-------------+-----
Fighting       | 4 |  4.8
Maces & Flails | 4 |  4.9
Dodging        | 3 |  3.0
Stealth        | 1 |  1.0
Armour         | |  2.5

Action                   |  1- 3 |  4- 6 || total
-------------------------+-------+-------++-------
Melee: Mace              |    73 |    23 ||    96
       Punch             |     1 |       ||     1
       Headbutt          |     8 |     2 ||    10
  Use: Potion            |       |     1 ||     1
 Stab: Sleeping          |     1 |       ||     1
Armor: Animal skin       |    30 |     7 ||    37
Dodge: Dodged            |    69 |    23 ||    92
